 Dungeon Crawl Stone Soup version 0.18-a0-739-gdae9da8 (webtiles) character file.

1203 HandofTrog the Cudgeler (level 8, 0/118 HPs)
             Began as a Troll Berserker on Dec 10, 2015.
             Was an Elder of Trog.
             Slain by a giant frog (6 damage)
             ... on level 6 of the Dungeon.
             The game lasted 00:20:32 (4430 turns).

HandofTrog the Cudgeler (Troll Berserker)           Turns: 4430, Time: 00:20:33

Health: 0/118      AC:  6    Str: 31    XL:     8   Next: 21%
Magic:  7/7        EV: 11    Int:  5    God:    Trog [****..]
Gold:   314        SH:  0    Dex:  9    Spells: 0 memorised, 7 levels left

rFire  . . .     SeeInvis .     G - +1 flail
rCold  + . .     Clarity  .     b - +0 animal skin
rNeg   . . .     SustAt   .     (no shield)
rPois  .         Gourm    +     (helmet restricted)
rElec  .         Spirit   .     B - +0 cloak
rCorr  .         Dismiss  .     (gloves unavailable)
rMut   .         Stasis   .     (boots unavailable)
MR     +....                    (no amulet)
Stlth  ..........               J - ring of protection from cold
                                I - ring of protection from magic

@: berserking (expiring), lethally poisoned (0 -> -2), very quick, somewhat
resistant to hostile enchantments, extremely unstealthy
A: unfitting armour, claws 3, fast metabolism 3, gourmand, regeneration 2,
shaggy fur 1, tough skin 2
a: Berserk, Trog's Hand, Brothers in Arms, Burn Spellbooks, Renounce Religion


You were on level 6 of the Dungeon.
You worshipped Trog.
Trog was greatly pleased with you.
You were not hungry.

You visited 1 branch of the dungeon, and saw 6 of its levels.

You collected 314 gold pieces.

Inventory:

Hand Weapons
 a - a +0 mace
 A - a +0 blowgun
 G - a +1 flail (weapon)
Missiles
 d - 14 poisoned needles
 j - 13 poisoned arrows
 q - 5 curare-tipped needles
 t - a throwing net
 E - 5 tomahawks (quivered)
 H - 7 steel javelins
Armour
 b - a +0 animal skin (worn)
 B - a +0 cloak (worn)
Jewellery
 I - a ring of protection from magic (left claw)
 J - a ring of protection from cold (right claw)
Scrolls
 e - 2 scrolls of amnesia
 f - 4 scrolls of teleportation
 h - a scroll of enchant weapon
 o - a scroll of immolation
 r - 2 scrolls of noise
 s - a scroll of random uselessness {unknown}
 x - a scroll of recharging
 y - a scroll of remove curse
 C - a scroll of enchant armour {unknown}
 F - a scroll of fear {unknown}
Potions
 g - a potion of flight {unknown}
 i - 2 potions of curing
 k - 2 potions of ambrosia {unknown}
 m - a potion of agility {unknown}
 p - a potion of magic {unknown}
 v - 4 potions of brilliance
 z - a potion of poison
 M - a potion of resistance {unknown}
Books
 w - a book of the Warp

   Spells                             Type                      Level
   a - Recall                         Summoning/Translocation      3
   b - Gell's Gravitas                Hexes/Translocation          3
   c - Force Lance                    Conjuration/Translocation    4
   d - Phase Shift                    Translocation                5
   e - Warp Weapon                    Charms/Translocation         5
   f - Summon Forest                  Summoning/Translocation      5
   Trog disapproves of the use of such an item.
 L - a book of Unlife

   Spells                             Type                      Level
   a - Recall                         Summoning/Translocation      3
   b - Animate Dead                   Necromancy                   4
   c - Control Undead                 Necromancy                   4
   d - Cigotuvi's Embrace             Necromancy                   5
   e - Death Channel                  Necromancy                   6
   f - Simulacrum                     Ice/Necromancy               6
   Trog disapproves of the use of such an item.
Comestibles
 c - 3 bread rations
 l - 5 fruits
 n - a beef jerky
 u - 2 meat rations
 D - a slice of pizza


   Skills:
 + Level 4.5 Fighting
 * Level 7.1 Maces & Flails
 + Level 4.7 Dodging


You had 7 spell levels left.
You didn't know any spells.

Dungeon Overview and Level Annotations

Branches:
Dungeon (6/15)             Temple (0/1) D:5

Altars:
Vehumet
Zin


Innate Abilities, Weirdness & Mutations

You are too large for most types of armour.
You have claws for hands.
Your metabolism is lightning-fast.
You like to eat raw meat.
You heal very quickly.
You are covered in fur (AC +1).
You have very tough skin (AC +2).


Message History

The jelly quivers.
The giant frog hits you!
The orc priest invokes the aid of Beogh against you.
Something smites you!
* * * LOW HITPOINT WARNING * * *
You hear some strange, mumbled words.
A puff of flame appears from out of thin air!
The puff of flame hits you!
* * * LOW HITPOINT WARNING * * *
You closely miss the orc priest.
The orc priest is almost dead.
You feel sick. The giant frog misses you.
The orc priest invokes the aid of Beogh against you.
Something smites you!
* * * LOW HITPOINT WARNING * * *
You sock the orc priest!
You kill the orc priest!
Trog accepts your kill.
You feel sick. The giant frog hits you.
You die...

..#####......##.# .##
............##.# J(
#...##.........# .## #.
##..###..#.######
....##(##...##..##.# #.
###............###.#####.
........#...#............
#{[...รท.#####....#.
#.@#..#######..#...
#####)F...###......#...
#......#..##..#........
####...........))..####
##..#.......##### #
#.#......(..# #
#...........# #
#.#.........# #
###.........#


You could see a giant frog and a jelly.

Vanquished Creatures
  Menkaure (D:6)
  The ghost of Kolbur the Charlatan, an amateur OpAr (D:6)
  An orc warrior (D:6)
  A sky beast (D:6)
  A phantom (D:5)
  A giant frog (D:6)
  3 crimson imps (D:5)
  An orc priest (D:6)
  3 orc wizards
  A giant frog zombie (D:6)
  Crazy Yiuf (D:4)
  A hound (D:3)
  A centaur skeleton (D:5)
  4 worker ants
  A hound zombie (D:4)
  4 gnolls
  7 adders
  A worm (D:4)
  A giant gecko (D:3)
  13 orcs
  5 giant cockroaches
  5 hobgoblins
  14 jackals
  3 quokkas
  5 ball pythons
  7 bats
  A giant gecko skeleton (D:4)
  8 giant newts
  7 goblins
  5 kobolds
  9 rats
117 creatures vanquished.

Vanquished Creatures (others)
  4 plants (D:6)
4 creatures vanquished.

Grand Total: 121 creatures vanquished

Notes
Turn   | Place    | Note
--------------------------------------------------------------
     0 | D:1      | HandofTrog the Troll Berserker began the quest for the Orb.
     0 | D:1      | Reached XP level 1. HP: 22/22 MP: 0/0
   244 | D:1      | Reached skill level 3 in Maces & Flails
   451 | D:1      | Reached XP level 2. HP: 26/29 MP: 1/1
   678 | D:2      | Reached ** piety under Trog
   858 | D:2      | Found a glowing silver altar of Zin.
  1081 | D:2      | Reached XP level 3. HP: 31/36 MP: 2/2
  1220 | D:3      | Found a radiant altar of Vehumet.
  1495 | D:3      | Reached XP level 4. HP: 42/44 MP: 3/3
  1678 | D:3      | Reached skill level 4 in Maces & Flails
  1858 | D:3      | Reached *** piety under Trog
  2074 | D:3      | Reached XP level 5. HP: 27/53 MP: 4/4
  2832 | D:4      | Noticed Crazy Yiuf
  2845 | D:4      | Killed Crazy Yiuf
  2845 | D:4      | Reached XP level 6. HP: 36/61 MP: 1/5
  3075 | D:4      | Reached skill level 5 in Maces & Flails
  3134 | D:5      | Entered Level 5 of the Dungeon
  3166 | D:5      | Found a staircase to the Ecumenical Temple.
  3590 | D:5      | Reached XP level 7. HP: 51/68 MP: 6/6
  3911 | D:6      | Noticed Kolbur's ghost (amateur OpAr)
  3919 | D:6      | Killed Kolbur's ghost
  3919 | D:6      | Reached skill level 6 in Maces & Flails
  4027 | D:6      | Noticed Menkaure
  4033 | D:6      | Killed Menkaure
  4033 | D:6      | Reached **** piety under Trog
  4033 | D:6      | Reached XP level 8. HP: 34/78 MP: 7/7
  4370 | D:6      | Received a gift from Trog
  4422 | D:6      | Reached skill level 7 in Maces & Flails
  4430 | D:6      | Slain by a giant frog

Vault maps used:
D:1:      minmay_arrival_loop
D:2:      lemuel_doored_altar
D:3:      overflow_temple_1_default
D:4:      minmay_small_thing, uniq_crazy_yiuf_cottage
D:5:      minmay_temple_entry_statues, first_bread, grunt_decor_arrowhead,
          bh_walls_and_bars
D:6:      fedhas_altar_decomposition, uniq_menkaure

Action                   |  1- 3 |  4- 6 |  7- 9 || total
-------------------------+-------+-------+-------++-------
Melee: Mace              |   117 |    51 |       ||   168
       Flail             |       |   180 |   104 ||   284
Throw: Tomahawk          |       |     3 |    11 ||    14
       Throwing net      |       |       |     1 ||     1
Invok: Berserk           |       |     3 |     3 ||     6
  Use: Scroll            |       |    10 |     2 ||    12
       Potion            |       |       |     5 ||     5
  Eat: Chunk             |    19 |    19 |     5 ||    43
       Bread ration      |       |       |     1 ||     1
